 Dungeon Crawl Stone Soup version 0.27.1-33-g824d729ab1 (webtiles) character file.

Game seed: 12070969014111155493

179 sking99 the Poker (level 5, -4/43 HPs)
             Began as a Merfolk Delver on Dec 8, 2021.
             Slain by a kobold brigand (7 damage)
             ... in a sewer.
             The game lasted 00:02:56 (1191 turns).

sking99 the Poker (Merfolk Delver)                  Turns: 1191, Time: 00:02:57

Health: -4/43      AC:  3    Str: 14    XL:     5   Next: 59%
Magic:  5/5        EV: 16    Int:  9    God:
Gold:   18         SH:  0    Dex: 15    Spells: 4/4 levels left

rFire    . . .     SeeInvis .   a - +0 spear
rCold    . . .     Faith    .   (no shield)
rNeg     . . .     Spirit   .   b - +0 leather armour
rPois    .         Reflect  .   (no helmet)
rElec    .         Harm     .   (no cloak)
rCorr    .         Rampage  .   (no gloves)
Will     .....                  (boots currently unavailable)
Stlth    ++++......             (no amulet)
HPRegen  0.14/turn              (no ring)
MPRegen  0.09/turn              (no ring)

@: very quick
A: nimble swimmer 2, mertail
a: no special abilities


You were in a sewer.
You visited 1 branch of the dungeon, and saw 2 of its levels.
You also visited: Sewer.

You collected 18 gold pieces.

Inventory:

Hand Weapons
 a - a +0 spear (weapon)
Armour
 b - a +0 leather armour (worn)
Wands
 g - a wand of digging (2)
Scrolls
 c - a scroll of fog
 d - a scroll of magic mapping
 e - 2 scrolls of fear
 i - a scroll of identify {unknown}
 j - 2 scrolls of blinking {unknown}
Potions
 f - 2 potions of haste
 h - a potion of ambrosia {unknown}
 k - 2 potions of might {unknown}
 l - a potion of mutation {unknown}
 m - a potion of experience {unknown}


   Skills:
 + Level 4.3 Fighting
 * Level 6.1 Polearms
 + Level 4.3 Dodging
 - Level 5.4 Stealth


You had 4 spell levels left.
You didn't know any spells.
Your spell library was empty.

Dungeon Overview and Level Annotations

Branches:
Dungeon (5/15)              Sewer (1/1)
 Temple: D:4-7

Altars:


Innate Abilities, Weirdness & Mutations

You are quick and stealthy near water. (Stealth+, EV+, Speed+++)
Your lower body shifts to a powerful aquatic tail in water.


Message History

You hit the kobold brigand.
Your tail-slap misses the kobold brigand.
The kobold brigand is moderately wounded.
The kobold brigand hits you but does no damage.
You hit the kobold brigand but do no damage.
Your tail-slap misses the kobold brigand.
The kobold brigand is moderately wounded.
You hit the kobold brigand.
You tail-slap the kobold brigand, but do no damage.
The kobold brigand is heavily wounded.
The kobold brigand barely misses you.
You hit the kobold brigand but do no damage.
The kobold brigand is heavily wounded.
The kobold brigand barely misses you.
You barely miss the kobold brigand.
The kobold brigand is heavily wounded.
The kobold brigand hits you with a +0 dagger.
You closely miss the kobold brigand. You tail-slap the kobold brigand.
The kobold brigand is heavily wounded.
You completely miss the kobold brigand.
The kobold brigand is heavily wounded.
The kobold brigand hits you with a +0 dagger!
* * * LOW HITPOINT WARNING * * *
You closely miss the kobold brigand.
The kobold brigand is heavily wounded.
The kobold brigand barely misses you.
You closely miss the kobold brigand.
The kobold brigand is heavily wounded.
The kobold brigand hits you with a +0 dagger.
* * * LOW HITPOINT WARNING * * *
You hit the kobold brigand but do no damage.
The kobold brigand is heavily wounded.
The kobold brigand hits you with a +0 dagger.
* * * LOW HITPOINT WARNING * * *
You closely miss the kobold brigand.
The kobold brigand is heavily wounded.
You hit the kobold brigand but do no damage.
The kobold brigand is heavily wounded.
The kobold brigand hits you with a +0 dagger!
You die...

≈≈≈≈≈≈≈≈..≈≈≈≈†.≈..≈#
.#####..≈.≈####..≈..#
## ##.≈.## ##≈≈.## #
##≈## ##### #≈# #≈#
##≈## ## ##≈..##
###.##
###≈..≈.####.@?.#
≈≈≈≈≈........K?≈.#
####≈≈...#####....#
##≈≈≈## ###### #####


You could see a kobold brigand.

Vanquished Creatures
  A necrophage (D:5)
  A kobold brigand (Sewer)
  An adder (Sewer)
  A river rat (D:4)
  2 orcs (D:5)
  A ball python (Sewer)
  A bat (D:4)
  4 kobolds
  3 rats (Sewer)
15 creatures vanquished.

Notes
Turn   | Place    | Note
-------+----------+-------------------------------------------
     0 | D:5      | sking99 the Merfolk Delver began the quest for the Orb.
     0 | D:5      | Reached XP level 1. HP: 18/18 MP: 1/1
   256 | D:5      | Noticed an orc priest
   256 | D:5      | Noticed an orc wizard
   419 | D:5      | Noticed a necrophage
   439 | D:5      | Killed a necrophage
   440 | D:5      | Reached skill level 5 in Polearms
   440 | D:5      | Reached XP level 2. HP: 10/25 MP: 2/2
   440 | D:5      | Reached XP level 3. HP: 12/30 MP: 3/3
   440 | D:5      | Reached XP level 4. HP: 14/37 MP: 4/4
   661 | D:4      | Found a glowing drain.
   675 | Sewer    | Entered a sewer
   712 | Sewer    | Noticed a kobold brigand
   727 | Sewer    | Killed a kobold brigand
   728 | Sewer    | Reached skill level 6 in Polearms
   728 | Sewer    | Reached XP level 5. HP: 9/42 MP: 5/5
  1166 | Sewer    | Noticed a kobold brigand
  1191 | Sewer    | Slain by a kobold brigand

Illustrated notes

Levels and vault maps discovered:
D:4:      layout_basic, yredelemnul_forgotten_temple_becter,
          minmay_temple_entry_junction_2, cheibrodos_sewer_entry_sluice
D:5:      layout_basic, kennysheep_generic_room_4
Sewer:    sewer_co_15_rooms

Skill      XL: |  1  2  3  4 |
---------------+-------------+-----
Fighting       | 4 |  4.3
Polearms       | 5 6 |  6.1
Dodging        | 3 4 |  4.3
Stealth        | |  5.4

Action                   |  1- 3 |  4- 6 || total
-------------------------+-------+-------++-------
Melee: Spear             |    27 |    54 ||    81
       Tailslap          |       |     4 ||     4
Evoke: Wand              |     1 |       ||     1
 Stab: Sleeping          |       |     6 ||     6
Armor: Leather armour    |     1 |     4 ||     5
Dodge: Dodged            |    11 |    14 ||    25
